 Dungeon Crawl Stone Soup version 0.30.0-5-g1a98f26d00 (webtiles) character file.

Game seed: 17576877583342898612

14 NateTC the Chopper (level 2, -4/27 HPs)
             Began as a Hill Orc Fighter on May 13, 2023.
             Slain by a gnoll
             ... wielding a +0 flail
              (8 damage)
             ... on level 1 of the Dungeon.
             The game lasted 00:01:56 (379 turns).

NateTC the Chopper (Hill Orc Fighter)                Turns: 379, Time: 00:01:57

Health: -4/27      AC:  6    Str: 18    XL:     2   Next: 41%
Magic:  2/2        EV:  9    Int:  8    God:
Gold:   68         SH:  4    Dex: 10    Spells: 1/1 levels left

rFire   . . .        a - +0 war axe
rCold   . . .        c - +0 buckler
rNeg    . . .        b - +0 scale mail
rPois   .            (no helmet)
rElec   .            (no cloak)
rCorr   .            (no gloves)
SInv    .            (no boots)
Will    .....        (no amulet) Stlth
                     (no ring)
HPRegen 0.24/turn    (no ring)
MPRegen 0.08/turn

%: no passive effects
@: no status effects
A: no striking features
a: no special abilities


You were on level 1 of the Dungeon.
You visited 1 branch of the dungeon, and saw 1 of its levels.

You collected 68 gold pieces.

Inventory:

Hand Weapons
 a - a +0 war axe (weapon)
Armour
 b - a +0 scale mail (worn)
 c - a +0 buckler (worn)
Jewellery
 e - a ring of magical power
 h - an amulet of guardian spirit
Scrolls
 g - a scroll of vulnerability {unknown}
 i - a scroll of teleportation {unknown}
Potions
 d - a potion of might
 f - 3 potions of degeneration {unknown}
 j - a potion of attraction {unknown}


   Skills:
 + Level 3.7 Fighting
 * Level 4.0 Axes
 - Level 3.2 Armour
 - Level 3.2 Shields


You had one spell level left.
You didn't know any spells.
Your spell library contained the following spells:

 Spells                   Type           Power      Damage    Failure   Level
 Cigotuvi's Dreadful Rot  Necr/Pois/Air  0%         N/A       95%         2
 Ignite Poison            Fire/Tmut/Pois 0%         N/A       99%         3
 Freezing Cloud           Conj/Ice/Air   0%         6-21      100%        5


Dungeon Overview and Level Annotations

Branches:
Dungeon (1/15) Zot: 5606

Altars:


Message History

You hit the hobgoblin but do no damage. The hobgoblin closely misses you.
The hobgoblin barely misses you.
You barely miss the hobgoblin. The hobgoblin closely misses you.
You hit the hobgoblin but do no damage. The hobgoblin barely misses you.
You closely miss the hobgoblin. You block the hobgoblin's attack.
The hobgoblin barely misses you.
You barely miss the hobgoblin. You block the hobgoblin's attack.
You barely miss the hobgoblin. The hobgoblin hits you.
The hobgoblin barely misses you.
You barely miss the hobgoblin. The hobgoblin barely misses you.
You slash the hobgoblin!
You kill the hobgoblin!
You now have 51 gold pieces (gained 10).
j - a coppery potion You now have 68 gold pieces (gained 17).
An endoplasm comes into view.
The endoplasm quivers.
An endoplasm is nearby!
An endoplasm is nearby!
An endoplasm is nearby!
An endoplasm is nearby!
An endoplasm is nearby!
A gnoll comes into view. It is wielding a +0 flail.
The gnoll shouts!
The endoplasm jiggles.
An endoplasm comes into view.
The endoplasm quivers.
The gnoll hits you with a +0 flail. The gnoll hits you with a +0 flail.
The gnoll hits you with a +0 flail!
You slash the endoplasm!
You kill the endoplasm!
You hit the gnoll. The gnoll closely misses you.
The gnoll hits you with a +0 flail!
Your Axes skill increases to level 4!
The endoplasm freezes you.
You are frozen.
* * * LOW HITPOINT WARNING * * *
The gnoll hits you with a +0 flail!
You die...

############...(#
#....# #....#
#....# #....#
#....# .
#....######...
#....g........
##...@........
#....J.....##
#..........#
#..........#
#..........#
#..........#
#..........#
#..........#


You could see a gnoll and an endoplasm.

Vanquished Creatures
  An endoplasm (D:1)
  2 goblins (D:1)
  A hobgoblin (D:1)
  A quokka (D:1)
  9 frilled lizards (D:1)
  A rat (D:1)
15 creatures vanquished.

Notes
Turn   | Place    | Note
-------+----------+-------------------------------------------
     0 | D:1      | NateTC the Hill Orc Fighter began the quest for the Orb.
     0 | D:1      | Reached XP level 1. HP: 19/19 MP: 1/1
    64 | D:1      | Reached skill level 3 in Axes
    67 | D:1      | Reached XP level 2. HP: 16/26 MP: 2/2
   379 | D:1      | Reached skill level 4 in Axes
   379 | D:1      | Slain by a gnoll

Illustrated notes

Levels and vault maps discovered:
D:1:      lemuel_arrival_hallway, layout_basic, minmay_lizard_pond

Skill      XL: |  1  2 |
---------------+-------+-----
Axes           | 3 4 |  4.0
Fighting       | |  3.7
Armour         | |  3.2
Shields        | |  3.2

Action                     || total
---------------------------++-------
  Melee: War axe           ||    36
 Armour: Scale mail        ||    13
  Dodge: Dodged            ||    23
  Block: Buckler           ||    10
